River Rats vs Little Stars
(R1)
Created - 15 septembre 2014 at 19:04
Simulating a Pre-Season
Goals
|
| River Rats |
1 |
0 |
2 |
0 |
0 |
3 |
| Little Stars |
1 |
1 |
1 |
0 |
1 |
4 |
|
Shots
|
| River Rats |
13 |
12 |
12 |
0 |
3 |
37 |
| Little Stars |
9 |
5 |
11 |
0 |
3 |
25 |
|
1st period
1. Little Stars , Clay Wilson 1 (Marcus Kruger, Ryan Vesce) at 6:22 (PP)
2. River Rats , Matt Jones 1 (Tyler Bozak, Chris Mcallister) at 17:35 (PP)
Penalties :
Damien Brunner (Alb) for Cross-checking (Minor) at 0:11, Tyler Bozak (Alb) for Hooking (Minor) at 5:45, Cameron Schilling (Tex) for Holding (Minor) at 11:01, Adam Munro (Alb) for Slashing (Minor) at 14:49 - Matt Jones served the penalty, Jimmy Hayes (Tex) for Hooking (Minor) at 17:28, Cameron Schilling (Tex) for Slashing (Minor) at 19:54
2nd period
3. Little Stars , Ryan Vesce 5 (Clay Wilson, Raphael Diaz) at 4:08 (PP)
Penalties :
Matt Pelech (Tex) for Fighting (Major) at 2:16, Kellan Lain (Alb) for Fighting (Major) at 2:16, Tyler Bozak (Alb) for Holding (Minor) at 3:34, Tyler Bozak (Alb) for Cross-checking (Minor) at 4:16, J.T. Brown (Alb) for Hooking (Minor) at 9:22, Ryan Vesce (Tex) for Hooking (Minor) at 15:42, Matt Jones (Alb) for Hooking (Minor) at 19:06
3rd period
4. River Rats , Chris Mcallister 4 (Damien Brunner) at 2:10 (PP)
5. River Rats , Peter Mueller 2 (Steve Quailer, Brett Maclean) at 3:08
6. Little Stars , Chris Dingman 4 (Éric Belanger) at 18:50
Penalties :
Jimmy Hayes (Tex) for Hooking (Minor) at 1:31, Hugh Jessiman (Tex) for Holding (Minor) at 6:55, Michael Del Zotto (Alb) for Delaying the game (Minor) at 10:54, Raphael Diaz (Tex) for Fighting (Major) at 17:37, Kellan Lain (Alb) for Fighting (Major) at 17:37
Overtime #1
No Goal
Penalties :
No Penalty
Shootout
Penalty Shot by Chris Mcallister for River Rats - Stopped by Erik Ersberg
Penalty Shot by Éric Belanger for Little Stars - Shot Misses the Net
Penalty Shot by Brett Maclean for River Rats - Stopped by Erik Ersberg
Penalty Shot by Chris Dingman for Little Stars - Shot Misses the Net
Penalty Shot by Tyler Bozak for River Rats - Stopped by Erik Ersberg
Penalty Shot by Hugh Jessiman for Little Stars - Goal!
Penalties :
No Penalty
Goalie Stats
Adam Munro (Alb), 22 saves from 25 shots - (0,880), OTL, 0-1-1, 65:00 minutes
Erik Ersberg (Tex), 34 saves from 37 shots - (0,919), W, 3-1-0, 65:00 minutes
Players Stats for River Rats
Player Name G A P +/- PIM S H SB GA TA FO MP PP MP PK MP
------------------------------------------------------------------------------------
Brett Maclean 0 1 1 1 0 1 1 1 1 0 0/1 22:36 3:36 7:33
Bryan Rodney 0 0 0 0 0 3 0 0 0 0 0/0 21:17 2:59 5:37
Chris Mcallister 1 1 2 -1 0 2 5 0 0 0 4/13 25:53 5:01 7:41
Damien Brunner 0 1 1 -1 2 4 2 1 2 0 1/1 21:14 5:01 3:24
J.T. Brown 0 0 0 0 2 1 0 0 0 0 0/0 7:10 0:05 0:00
Jamie Arniel 0 0 0 0 0 3 2 0 0 0 2/5 9:50 0:05 0:00
Josh Meyers 0 0 0 0 0 0 1 0 0 0 0/0 7:05 0:00 0:00
Keith Seabrook 0 0 0 0 0 0 0 1 0 0 0/0 4:31 0:00 0:00
Kellan Lain 0 0 0 0 10 3 1 1 1 0 1/5 10:19 0:05 0:00
Martin Grenier 0 0 0 0 0 5 1 2 0 0 0/0 32:07 5:43 7:28
Matt Jones 1 0 1 0 2 4 0 3 1 1 0/0 29:54 5:43 5:09
Michael Del Zotto 0 0 0 0 2 1 1 1 0 0 0/0 20:32 2:59 4:31
Patrick Maroon 0 0 0 0 0 0 1 1 0 0 1/1 9:56 0:00 0:00
Pavel Valentenko 0 0 0 0 0 0 0 0 0 1 0/0 9:32 0:00 2:46
Peter Mueller 1 0 1 1 0 3 0 0 0 0 6/10 13:45 3:36 0:23
Roman Josi 0 0 0 0 0 0 0 0 0 0 0/0 5:29 0:00 0:39
Steve Quailer 0 1 1 1 0 1 0 0 0 0 0/0 12:58 3:36 0:00
Taylor Beck 0 0 0 0 0 1 1 0 0 0 0/1 7:02 0:00 1:05
Tomas Kubalik 0 0 0 0 0 3 0 0 1 0 0/1 13:48 0:00 2:31
Tyler Bozak 0 1 1 -1 6 2 1 0 0 0 12/32 21:52 5:01 3:33
Players Stats for Little Stars
Player Name G A P +/- PIM S H SB GA TA FO MP PP MP PK MP
------------------------------------------------------------------------------------
Alexander Vasyunov 0 0 0 0 0 2 1 0 0 0 0/0 7:34 0:15 0:49
Cameron Schilling 0 0 0 -1 4 0 2 0 0 0 0/0 22:12 4:59 1:20
Carl Hagelin 0 0 0 0 0 1 0 0 0 0 0/0 10:11 0:00 0:00
Chris Dingman 1 0 1 1 0 1 3 1 0 1 0/1 25:12 6:44 5:05
Clay Wilson 1 1 2 1 0 6 3 1 0 1 0/0 29:04 8:06 5:52
Cody Bass 0 0 0 0 0 1 0 1 0 0 6/9 12:44 0:34 0:00
Corey Trivino 0 0 0 0 0 0 0 0 0 0 6/8 6:02 0:00 0:00
Danny DeKeiser 0 0 0 0 0 0 0 0 0 0 0/0 3:04 0:00 0:38
Éric Belanger 0 1 1 1 0 1 3 2 1 1 22/39 25:35 6:45 5:09
Hugh Jessiman 0 0 0 1 2 1 4 1 0 0 2/3 21:21 7:14 2:07
Jared Spurgeon 0 0 0 0 0 2 0 2 0 0 0/0 13:04 0:00 0:00
Jesse Joensuu 0 0 0 -1 0 1 1 0 0 0 1/1 14:51 5:41 0:00
Jimmy Hayes 0 0 0 0 4 1 0 0 0 0 0/0 10:06 0:10 2:03
Landon Ferraro 0 0 0 0 0 0 0 0 0 0 0/0 0:19 0:00 0:10
Marcus Kruger 0 1 1 -1 0 1 1 0 0 0 6/9 14:51 5:41 0:00
Mathieu Roy 0 0 0 1 0 1 1 2 0 2 0/0 30:25 8:06 5:52
Matt Halischuk 0 0 0 0 0 1 0 1 0 0 0/0 13:44 0:30 0:00
Matt Pelech 0 0 0 0 5 0 0 0 0 1 0/0 11:43 0:00 1:11
Raphael Diaz 0 1 1 -1 5 0 1 3 0 0 0/0 20:52 4:59 2:31
Robert Czarnik 0 0 0 0 0 0 0 0 0 0 0/0 0:00 0:00 0:00
Ryan Vesce 1 1 2 -1 2 5 1 0 1 0 0/0 18:17 5:41 2:01
3 Stars
1 - Clay Wilson (Tex)
2 - Chris Mcallister (Alb)
3 - Chris Dingman (Tex)
Power Play
River Rats - 2 on 6 Attempt(s) - 33,33%
Little Stars - 2 on 8 Attempt(s) - 25,00%
Penalty Kill
River Rats - 6 on 8 Attempt(s) - 75,00%
- Score 0 goal in Penalty Kill
Little Stars - 4 on 6 Attempt(s) - 66,67%
- Score 0 goal in Penalty Kill
Official
Referees : Walsh Ian and StLaurent Francois
Linesman : Andy McElman and Vaughan Rody
Game Notes
Matt Pelech beats up Kellan Lain at 2:16 of 2nd period
Raphael Diaz beats up Kellan Lain at 17:37 of 3rd period
River Rats
5 vs 5 Forward
Center Left Wing Right Wing Time % Phy DF OF
1 Tyler Bozak Chris Mcallister Damien Brunner 40 1 2 2
2 Peter Mueller Brett Maclean Steve Quailer 30 1 2 2
3 Kellan Lain Patrick Maroon Tomas Kubalik 20 1 2 2
4 Jamie Arniel Taylor Beck J.T. Brown 10 1 2 2
5 vs 5 Defense
Defense Defense Time % Phy DF OF
1 Martin Grenier Matt Jones 40 1 2 2
2 Bryan Rodney Michael Del Zotto 30 1 2 2
3 Josh Meyers Pavel Valentenko 20 1 2 2
4 Roman Josi Keith Seabrook 10 1 2 2
PowerPlay Forward
Center Left Wing Right Wing Time % Phy DF OF
1 Tyler Bozak Chris Mcallister Damien Brunner 60 1 2 2
2 Peter Mueller Brett Maclean Steve Quailer 40 1 2 2
PowerPlay Defense
Defense Defense Time % Phy DF OF
1 Martin Grenier Matt Jones 60 1 2 2
2 Bryan Rodney Michael Del Zotto 40 1 2 2
Penalty Kill 4 Players Forward
Center Wing Time % Phy DF OF
1 Chris Mcallister Brett Maclean 60 1 2 2
2 Tyler Bozak Damien Brunner 40 1 2 2
Penalty Kill 4 Players Defense
Defense Defense Time % Phy DF OF
1 Martin Grenier Matt Jones 60 1 2 2
2 Bryan Rodney Michael Del Zotto 40 1 2 2
Penalty Kill - 3 Players Forward
Forward Time % Phy DF OF
1 Chris Mcallister 60 1 2 2
2 Brett Maclean 40 1 2 2
Penalty Kill - 3 Players Defense
Defense Defense Time % Phy DF OF
1 Martin Grenier Matt Jones 60 1 2 2
2 Bryan Rodney Michael Del Zotto 40 1 2 2
4 vs 4 Forward
Center Wing Time % Phy DF OF
1 Chris Mcallister Brett Maclean 60 1 2 2
2 Tyler Bozak Damien Brunner 40 1 2 2
4 vs 4 Defense
Defense Defense Time % Phy DF OF
1 Martin Grenier Matt Jones 60 1 2 2
2 Bryan Rodney Michael Del Zotto 40 1 2 2
Last Minutes Offensive
Center Left Wing Right Wing Defense Defense
Tyler Bozak Chris Mcallister Damien Brunner Martin Grenier Matt Jones
Last Minutes Defensive
Center Left Wing Right Wing Defense Defense
Tyler Bozak Chris Mcallister Damien Brunner Martin Grenier Matt Jones
Goaltenders
Starting : Adam Munro
Backup : Allen York
Extra Forwards
Normal : Kellan Lain, Jamie Arniel, Tomas Kubalik - PP : Kellan Lain, Jamie Arniel - PK : Tomas Kubalik
Extra Defensemen
Normal : Josh Meyers, Pavel Valentenko, Roman Josi - PP : Josh Meyers - PK : Pavel Valentenko, Roman Josi
Penalty Shots
Chris Mcallister, Brett Maclean, Tyler Bozak, Damien Brunner, Peter Mueller
Little Stars
5 vs 5 Forward
Center Left Wing Right Wing Time % Phy DF OF
1 Éric Belanger Chris Dingman Hugh Jessiman 40 1 2 2
2 Marcus Kruger Jesse Joensuu Ryan Vesce 30 1 2 2
3 Cody Bass Carl Hagelin Matt Halischuk 20 1 2 2
4 Corey Trivino Alexander Vasyunov Jimmy Hayes 10 1 2 2
5 vs 5 Defense
Defense Defense Time % Phy DF OF
1 Mathieu Roy Clay Wilson 40 1 2 2
2 Raphael Diaz Cameron Schilling 30 1 2 2
3 Jared Spurgeon Matt Pelech 20 1 2 2
4 Danny DeKeiser Mathieu Roy 10 1 2 2
PowerPlay Forward
Center Left Wing Right Wing Time % Phy DF OF
1 Éric Belanger Chris Dingman Hugh Jessiman 60 1 2 2
2 Marcus Kruger Jesse Joensuu Ryan Vesce 40 1 2 2
PowerPlay Defense
Defense Defense Time % Phy DF OF
1 Mathieu Roy Clay Wilson 60 1 2 2
2 Raphael Diaz Cameron Schilling 40 1 2 2
Penalty Kill 4 Players Forward
Center Wing Time % Phy DF OF
1 Éric Belanger Chris Dingman 60 1 2 2
2 Hugh Jessiman Ryan Vesce 40 1 2 2
Penalty Kill 4 Players Defense
Defense Defense Time % Phy DF OF
1 Mathieu Roy Clay Wilson 60 1 2 2
2 Raphael Diaz Cameron Schilling 40 1 2 2
Penalty Kill - 3 Players Forward
Forward Time % Phy DF OF
1 Éric Belanger 60 1 2 2
2 Chris Dingman 40 1 2 2
Penalty Kill - 3 Players Defense
Defense Defense Time % Phy DF OF
1 Mathieu Roy Clay Wilson 60 1 2 2
2 Raphael Diaz Cameron Schilling 40 1 2 2
4 vs 4 Forward
Center Wing Time % Phy DF OF
1 Éric Belanger Chris Dingman 60 1 2 2
2 Hugh Jessiman Ryan Vesce 40 1 2 2
4 vs 4 Defense
Defense Defense Time % Phy DF OF
1 Mathieu Roy Clay Wilson 60 1 2 2
2 Raphael Diaz Cameron Schilling 40 1 2 2
Last Minutes Offensive
Center Left Wing Right Wing Defense Defense
Éric Belanger Chris Dingman Hugh Jessiman Mathieu Roy Clay Wilson
Last Minutes Defensive
Center Left Wing Right Wing Defense Defense
Éric Belanger Chris Dingman Hugh Jessiman Mathieu Roy Clay Wilson
Goaltenders
Starting : Erik Ersberg
Backup : Ben Scrivens
Extra Forwards
Normal : Matt Halischuk, Cody Bass, Jimmy Hayes - PP : Matt Halischuk, Cody Bass - PK : Jimmy Hayes
Extra Defensemen
Normal : Jared Spurgeon, Matt Pelech, Danny DeKeiser - PP : Jared Spurgeon - PK : Matt Pelech, Danny DeKeiser
Penalty Shots
Éric Belanger, Chris Dingman, Hugh Jessiman, Ryan Vesce, Matt Halischuk
% Time on Ice - River Rats
Lines # - Real PCT - Wanted PCT - Time Play
Normal Forward
1 - 33% - 40% - 12:25
2 - 27% - 30% - 10:20
3 - 26% - 20% - 9:56
4 - 14% - 10% - 5:26
Normal Defense
1 - 44% - 40% - 16:44
2 - 28% - 30% - 10:51
3 - 16% - 20% - 6:01
4 - 12% - 10% - 4:31
PP Forward
1 - 59% - 60% - 5:06
2 - 41% - 40% - 3:36
PP Defense
1 - 66% - 60% - 5:43
2 - 34% - 40% - 2:59
PK Forward
1 - 66% - 60% - 8:38
2 - 34% - 40% - 4:27
PK Defense
1 - 57% - 60% - 7:28
2 - 43% - 40% - 5:37
PK3 Forward
1 - 0% - 60%
2 - 0% - 40%
PK3 Defense
1 - 0% - 60%
2 - 0% - 40%
44 Forward
1 - 76% - 60% - 3:49
2 - 24% - 40% - 1:11
44 Defense
1 - 48% - 60% - 2:25
2 - 52% - 40% - 2:35
Last Minute Offensive - 0:00
Last Minute Defensive - 0:06
Total
Forward - 65:00
Defense - 65:00
|
% Time on Ice - Little Stars
Lines # - Real PCT - Wanted PCT - Time Play
Normal Forward
1 - 33% - 40% - 12:42
2 - 24% - 30% - 9:12
3 - 27% - 20% - 10:11
4 - 16% - 10% - 6:02
Normal Defense
1 - 34% - 40% - 12:51
2 - 35% - 30% - 13:16
3 - 28% - 20% - 10:37
4 - 4% - 10% - 1:23
PP Forward
1 - 57% - 60% - 7:24
2 - 43% - 40% - 5:41
PP Defense
1 - 62% - 60% - 8:06
2 - 38% - 40% - 4:59
PK Forward
1 - 67% - 60% - 5:52
2 - 33% - 40% - 2:50
PK Defense
1 - 67% - 60% - 5:52
2 - 33% - 40% - 2:50
PK3 Forward
1 - 0% - 60%
2 - 0% - 40%
PK3 Defense
1 - 0% - 60%
2 - 0% - 40%
44 Forward
1 - 72% - 60% - 3:36
2 - 28% - 40% - 1:24
44 Defense
1 - 43% - 60% - 2:09
2 - 57% - 40% - 2:51
Last Minute Offensive - 0:06
Last Minute Defensive - 0:00
Total
Forward - 65:00
Defense - 65:00
|
Play by Play
1st period
0:01 of 1st period - Éric Belanger wins face-off versus Tyler Bozak in neutral zone.
0:01 of 1st period - Hugh Jessiman is hit by Tyler Bozak and loses puck.
0:11 of 1st period - Minor Penalty to Damien Brunner for Cross-checking.
0:12 of 1st period - Hugh Jessiman wins face-off versus Chris Mcallister in River Rats zone.
0:38 of 1st period - Mathieu Roy is hit by Chris Mcallister and loses puck.
1:35 of 1st period - Icing by Hugh Jessiman.
1:36 of 1st period - Éric Belanger wins face-off versus Tyler Bozak in Little Stars zone.
2:11 of 1st period - Penalty to Damien Brunner is over, Damien Brunner is back on ice.
3:58 of 1st period - Wrist shot by Brett Maclean.
3:58 of 1st period - Shot Misses the Net.
5:00 of 1st period - Slapshot by Martin Grenier.
5:00 of 1st period - Shot Blocked by Éric Belanger.
5:29 of 1st period - Wrist shot by Matt Halischuk.
5:29 of 1st period - Shot Misses the Net.
5:31 of 1st period - Slapshot by Cody Bass.
5:31 of 1st period - Stopped by Adam Munro with a rebound.
5:45 of 1st period - Minor Penalty to Tyler Bozak for Hooking.
5:46 of 1st period - Éric Belanger wins face-off versus Chris Mcallister in River Rats zone.
5:49 of 1st period - Snap shot by Chris Dingman.
5:49 of 1st period - Shot Misses the Net.
6:20 of 1st period - Wrist shot by Marcus Kruger.
6:20 of 1st period - Shot Misses the Net.
6:22 of 1st period - Slapshot by Clay Wilson.
6:22 of 1st period - Goal by Clay Wilson - River Rats : 0 - Little Stars : 1.
6:23 of 1st period - Tyler Bozak wins face-off versus Chris Dingman in neutral zone.
6:26 of 1st period - Slapshot by Tyler Bozak.
6:26 of 1st period - Shot Misses the Net.
6:28 of 1st period - Snap shot by Damien Brunner.
6:28 of 1st period - Shot Misses the Net.
6:30 of 1st period - Wrist shot by Chris Mcallister.
6:30 of 1st period - Shot Misses the Net.
6:32 of 1st period - Slapshot by Bryan Rodney.
6:32 of 1st period - Stopped by Erik Ersberg without a rebound.
6:33 of 1st period - Tyler Bozak wins face-off versus Éric Belanger in Little Stars zone.
6:34 of 1st period - Wrist shot by Damien Brunner.
6:34 of 1st period - Stopped by Erik Ersberg with a rebound.
6:36 of 1st period - Wrist shot by Chris Mcallister.
6:36 of 1st period - Shot Misses the Net.
6:38 of 1st period - Slapshot by Damien Brunner.
6:38 of 1st period - Stopped by Erik Ersberg without a rebound.
6:39 of 1st period - Tyler Bozak wins face-off versus Éric Belanger in Little Stars zone.
7:30 of 1st period - Clay Wilson is hit by Kellan Lain and loses puck.
7:45 of 1st period - Snap shot by Matt Halischuk.
7:45 of 1st period - Stopped by Adam Munro without a rebound.
7:46 of 1st period - Corey Trivino wins face-off versus Chris Mcallister in River Rats zone.
8:32 of 1st period - Slapshot by Martin Grenier.
8:32 of 1st period - Stopped by Erik Ersberg with a rebound.
8:42 of 1st period - Slapshot by Michael Del Zotto.
8:42 of 1st period - Shot Misses the Net.
8:58 of 1st period - Slapshot by Bryan Rodney.
8:58 of 1st period - Stopped by Erik Ersberg without a rebound.
8:59 of 1st period - Tyler Bozak wins face-off versus Cody Bass in Little Stars zone.
9:24 of 1st period - Brett Maclean is hit by Hugh Jessiman and loses puck.
9:51 of 1st period - Snap shot by Kellan Lain.
9:51 of 1st period - Stopped by Erik Ersberg with a rebound.
9:53 of 1st period - Wrist shot by Kellan Lain.
9:53 of 1st period - Stopped by Erik Ersberg with a rebound.
10:13 of 1st period - Snap shot by Alexander Vasyunov.
10:13 of 1st period - Stopped by Adam Munro with a rebound.
11:01 of 1st period - Minor Penalty to Cameron Schilling for Holding.
11:02 of 1st period - Éric Belanger wins face-off versus Tyler Bozak in Little Stars zone.
11:09 of 1st period - Tyler Bozak is hit by Chris Dingman and loses puck.
11:42 of 1st period - Wrist shot by Peter Mueller.
11:42 of 1st period - Shot Misses the Net.
13:01 of 1st period - Penalty to Cameron Schilling is over, Cameron Schilling is back on ice.
13:19 of 1st period - Michael Del Zotto is hit by Chris Dingman.
14:05 of 1st period - Snap shot by Éric Belanger.
14:05 of 1st period - Shot Misses the Net.
14:07 of 1st period - Slapshot by Cameron Schilling.
14:07 of 1st period - Shot Blocked by Kellan Lain.
14:09 of 1st period - Slapshot by Cameron Schilling.
14:09 of 1st period - Shot Blocked by Keith Seabrook.
14:11 of 1st period - Snap shot by Éric Belanger.
14:11 of 1st period - Stopped by Adam Munro without a rebound.
14:12 of 1st period - Peter Mueller wins face-off versus Marcus Kruger in River Rats zone.
14:28 of 1st period - Martin Grenier is hit by Jesse Joensuu and loses puck.
14:43 of 1st period - Snap shot by Raphael Diaz.
14:43 of 1st period - Deflect By Jimmy Hayes.
14:43 of 1st period - Shot Misses the Net.
14:43 of 1st period - Puck is out of play.
14:44 of 1st period - Corey Trivino wins face-off versus Tyler Bozak in River Rats zone.
14:49 of 1st period - Slapshot by Clay Wilson.
14:49 of 1st period - Deflect By Tyler Bozak.
14:49 of 1st period - Stopped by Adam Munro without a rebound.
14:49 of 1st period - Minor Penalty to Adam Munro for Slashing.
14:50 of 1st period - Marcus Kruger wins face-off versus Chris Mcallister in River Rats zone.
16:10 of 1st period - Damien Brunner is hit by Chris Dingman and loses puck.
16:35 of 1st period - Slapshot by Clay Wilson.
16:35 of 1st period - Stopped by Adam Munro without a rebound.
16:36 of 1st period - Tyler Bozak wins face-off versus Cody Bass in River Rats zone.
16:49 of 1st period - Penalty to Matt Jones is over, Matt Jones is back on ice.
17:17 of 1st period - Off-side.
17:18 of 1st period - Jamie Arniel wins face-off versus Corey Trivino in neutral zone.
17:21 of 1st period - Slapshot by Martin Grenier.
17:21 of 1st period - Deflect By Taylor Beck.
17:21 of 1st period - Stopped by Erik Ersberg with a rebound.
17:23 of 1st period - Backhand shot by Martin Grenier.
17:23 of 1st period - Stopped by Erik Ersberg with a rebound.
17:28 of 1st period - Minor Penalty to Jimmy Hayes for Hooking.
17:29 of 1st period - Tyler Bozak wins face-off versus Éric Belanger in Little Stars zone.
17:29 of 1st period - Snap shot by Matt Jones.
17:29 of 1st period - Shot Misses the Net.
17:33 of 1st period - Slapshot by Tyler Bozak.
17:33 of 1st period - Shot Misses the Net.
17:35 of 1st period - Slapshot by Matt Jones.
17:35 of 1st period - Goal by Matt Jones - River Rats : 1 - Little Stars : 1.
17:36 of 1st period - Tyler Bozak wins face-off versus Éric Belanger in neutral zone.
17:43 of 1st period - Mathieu Roy is hit by Chris Mcallister.
17:46 of 1st period - Éric Belanger is hit by Damien Brunner and loses puck.
18:08 of 1st period - Wrist shot by Brett Maclean.
18:08 of 1st period - Deflect By Peter Mueller.
18:08 of 1st period - Shot Blocked by Jared Spurgeon.
18:08 of 1st period - Puck is out of play.
18:09 of 1st period - Peter Mueller wins face-off versus Éric Belanger in Little Stars zone.
18:10 of 1st period - Snap shot by Brett Maclean.
18:10 of 1st period - Stopped by Erik Ersberg without a rebound.
18:11 of 1st period - Éric Belanger wins face-off versus Peter Mueller in Little Stars zone.
18:11 of 1st period - Éric Belanger is hit by Brett Maclean.
18:25 of 1st period - Snap shot by Éric Belanger.
18:25 of 1st period - Shot Blocked by Michael Del Zotto.
18:36 of 1st period - Off-side.
18:37 of 1st period - Jesse Joensuu wins face-off versus Tyler Bozak in neutral zone.
18:40 of 1st period - Slapshot by Mathieu Roy.
18:40 of 1st period - Deflect By Ryan Vesce.
18:40 of 1st period - Stopped by Adam Munro without a rebound.
18:41 of 1st period - Marcus Kruger wins face-off versus Tyler Bozak in River Rats zone.
18:44 of 1st period - Wrist shot by Jesse Joensuu.
18:44 of 1st period - Stopped by Adam Munro with a rebound.
19:08 of 1st period - Snap shot by Damien Brunner.
19:08 of 1st period - Stopped by Erik Ersberg with a rebound.
19:10 of 1st period - Slapshot by Matt Jones.
19:10 of 1st period - Stopped by Erik Ersberg without a rebound.
19:11 of 1st period - Peter Mueller wins face-off versus Éric Belanger in Little Stars zone.
19:39 of 1st period - Raphael Diaz is hit by Michael Del Zotto and loses puck.
19:54 of 1st period - Minor Penalty to Cameron Schilling for Slashing.
19:55 of 1st period - Éric Belanger wins face-off versus Chris Mcallister in Little Stars zone.
Goals for this period are 1 for River Rats vs 1 for Little Stars.
Shots for this period are 13 for River Rats vs 9 for Little Stars.
2nd period
0:01 of 2nd period - Éric Belanger wins face-off versus Tyler Bozak in neutral zone.
0:12 of 2nd period - Slapshot by Martin Grenier.
0:12 of 2nd period - Stopped by Erik Ersberg without a rebound.
0:13 of 2nd period - Éric Belanger wins face-off versus Tyler Bozak in Little Stars zone.
0:18 of 2nd period - Chris Mcallister is hit by Mathieu Roy and loses puck.
1:54 of 2nd period - Penalty to Cameron Schilling is over, Cameron Schilling is back on ice.
2:07 of 2nd period - Snap shot by Carl Hagelin.
2:07 of 2nd period - Stopped by Adam Munro without a rebound.
2:08 of 2nd period - Cody Bass wins face-off versus Kellan Lain in River Rats zone.
2:15 of 2nd period - Slapshot by Matt Halischuk.
2:15 of 2nd period - Shot Blocked by Patrick Maroon.
2:16 of 2nd period - Matt Pelech beats up Kellan Lain.
2:16 of 2nd period - Penalty to Matt Pelech for Fighting.
2:16 of 2nd period - Penalty to Kellan Lain for Fighting.
2:17 of 2nd period - Éric Belanger wins face-off versus Tyler Bozak in River Rats zone.
2:22 of 2nd period - Snap shot by Éric Belanger.
2:22 of 2nd period - Shot Blocked by Damien Brunner.
2:24 of 2nd period - Snap shot by Éric Belanger.
2:24 of 2nd period - Shot Misses the Net.
2:26 of 2nd period - Snap shot by Hugh Jessiman.
2:26 of 2nd period - Stopped by Adam Munro with a rebound.
3:02 of 2nd period - Icing by Mathieu Roy.
3:03 of 2nd period - Marcus Kruger wins face-off versus Peter Mueller in Little Stars zone.
3:34 of 2nd period - Minor Penalty to Tyler Bozak for Holding.
3:35 of 2nd period - Éric Belanger wins face-off versus Chris Mcallister in River Rats zone.
4:08 of 2nd period - Snap shot by Ryan Vesce.
4:08 of 2nd period - Goal by Ryan Vesce - River Rats : 1 - Little Stars : 2.
4:09 of 2nd period - Éric Belanger wins face-off versus Tyler Bozak in neutral zone.
4:09 of 2nd period - Éric Belanger is hit by Chris Mcallister.
4:16 of 2nd period - Minor Penalty to Tyler Bozak for Cross-checking.
4:17 of 2nd period - Chris Mcallister wins face-off versus Éric Belanger in River Rats zone.
6:16 of 2nd period - Penalty to Tyler Bozak is over, Tyler Bozak is back on ice.
6:21 of 2nd period - Brett Maclean is hit by Clay Wilson and loses puck.
7:00 of 2nd period - Danny DeKeiser is hit by Jamie Arniel and loses puck.
7:53 of 2nd period - Martin Grenier is hit by Alexander Vasyunov and loses puck.
9:17 of 2nd period - Tomas Kubalik is hit by Clay Wilson.
9:22 of 2nd period - Minor Penalty to J.T. Brown for Hooking.
9:23 of 2nd period - Chris Mcallister wins face-off versus Éric Belanger in River Rats zone.
9:23 of 2nd period - Chris Mcallister is hit by Hugh Jessiman.
9:32 of 2nd period - Chris Mcallister is hit by Éric Belanger and loses puck.
10:50 of 2nd period - Wrist shot by Michael Del Zotto.
10:50 of 2nd period - Shot Misses the Net.
11:22 of 2nd period - Penalty to J.T. Brown is over, J.T. Brown is back on ice.
11:40 of 2nd period - Wrist shot by Tyler Bozak.
11:40 of 2nd period - Stopped by Erik Ersberg with a rebound.
11:42 of 2nd period - Slapshot by Tyler Bozak.
11:42 of 2nd period - Stopped by Erik Ersberg without a rebound.
11:43 of 2nd period - Corey Trivino wins face-off versus Kellan Lain in Little Stars zone.
12:08 of 2nd period - Steve Quailer is hit by Hugh Jessiman.
12:39 of 2nd period - Wrist shot by J.T. Brown.
12:39 of 2nd period - Stopped by Erik Ersberg with a rebound.
12:41 of 2nd period - Slapshot by Taylor Beck.
12:41 of 2nd period - Shot Blocked by Cody Bass.
12:51 of 2nd period - Snap shot by Tomas Kubalik.
12:51 of 2nd period - Stopped by Erik Ersberg with a rebound.
12:53 of 2nd period - Slapshot by Kellan Lain.
12:53 of 2nd period - Deflect By Tomas Kubalik.
12:53 of 2nd period - Stopped by Erik Ersberg with a rebound.
12:55 of 2nd period - Slapshot by Matt Jones.
12:55 of 2nd period - Stopped by Erik Ersberg with a rebound.
12:57 of 2nd period - Slapshot by Martin Grenier.
12:57 of 2nd period - Shot Blocked by Matt Halischuk.
12:59 of 2nd period - Slapshot by Matt Jones.
12:59 of 2nd period - Shot Misses the Net.
13:01 of 2nd period - Wrist shot by Kellan Lain.
13:01 of 2nd period - Shot Misses the Net.
13:11 of 2nd period - Snap shot by Damien Brunner.
13:11 of 2nd period - Shot Misses the Net.
13:13 of 2nd period - Snap shot by Tyler Bozak.
13:13 of 2nd period - Shot Blocked by Raphael Diaz.
13:15 of 2nd period - Slapshot by Matt Jones.
13:15 of 2nd period - Shot Blocked by Éric Belanger.
13:19 of 2nd period - Slapshot by Chris Mcallister.
13:19 of 2nd period - Stopped by Erik Ersberg without a rebound.
13:20 of 2nd period - Peter Mueller wins face-off versus Marcus Kruger in Little Stars zone.
13:23 of 2nd period - Snap shot by Peter Mueller.
13:23 of 2nd period - Shot Misses the Net.
13:25 of 2nd period - Snap shot by Bryan Rodney.
13:25 of 2nd period - Stopped by Erik Ersberg without a rebound.
13:26 of 2nd period - Peter Mueller wins face-off versus Marcus Kruger in Little Stars zone.
13:55 of 2nd period - Ryan Vesce is hit by Patrick Maroon and loses puck.
14:00 of 2nd period - Snap shot by Michael Del Zotto.
14:00 of 2nd period - Shot Blocked by Mathieu Roy.
14:02 of 2nd period - Slapshot by Michael Del Zotto.
14:02 of 2nd period - Stopped by Erik Ersberg without a rebound.
14:03 of 2nd period - Éric Belanger wins face-off versus Tyler Bozak in Little Stars zone.
14:35 of 2nd period - Matt Jones is hit by Clay Wilson and loses puck.
14:57 of 2nd period - Icing by Clay Wilson.
14:58 of 2nd period - Corey Trivino wins face-off versus Tyler Bozak in Little Stars zone.
15:05 of 2nd period - Slapshot by Mathieu Roy.
15:05 of 2nd period - Stopped by Adam Munro without a rebound.
15:06 of 2nd period - Tyler Bozak wins face-off versus Éric Belanger in River Rats zone.
15:31 of 2nd period - Jesse Joensuu is hit by Chris Mcallister.
15:42 of 2nd period - Minor Penalty to Ryan Vesce for Hooking.
15:43 of 2nd period - Peter Mueller wins face-off versus Éric Belanger in Little Stars zone.
15:47 of 2nd period - Slapshot by Martin Grenier.
15:47 of 2nd period - Stopped by Erik Ersberg with a rebound.
15:49 of 2nd period - Snap shot by Martin Grenier.
15:49 of 2nd period - Shot Misses the Net.
15:51 of 2nd period - Wrist shot by Peter Mueller.
15:51 of 2nd period - Stopped by Erik Ersberg with a rebound.
16:51 of 2nd period - Icing by Damien Brunner.
16:52 of 2nd period - Hugh Jessiman wins face-off versus Tyler Bozak in River Rats zone.
17:42 of 2nd period - Penalty to Ryan Vesce is over, Ryan Vesce is back on ice.
17:47 of 2nd period - Chris Mcallister is hit by Marcus Kruger and loses puck.
18:32 of 2nd period - Snap shot by Jimmy Hayes.
18:32 of 2nd period - Deflect By Alexander Vasyunov.
18:32 of 2nd period - Shot Blocked by Matt Jones.
18:32 of 2nd period - Puck is out of play.
18:33 of 2nd period - Corey Trivino wins face-off versus Peter Mueller in River Rats zone.
18:40 of 2nd period - Slapshot by Jimmy Hayes.
18:40 of 2nd period - Shot Misses the Net.
18:44 of 2nd period - Slapshot by Clay Wilson.
18:44 of 2nd period - Stopped by Adam Munro without a rebound.
18:45 of 2nd period - Tyler Bozak wins face-off versus Éric Belanger in River Rats zone.
19:06 of 2nd period - Minor Penalty to Matt Jones for Hooking.
19:07 of 2nd period - Éric Belanger wins face-off versus Chris Mcallister in River Rats zone.
Goals for this period are 0 for River Rats vs 1 for Little Stars.
Shots for this period are 12 for River Rats vs 5 for Little Stars.
3rd period
0:01 of 3rd period - Éric Belanger wins face-off versus Chris Mcallister in neutral zone.
0:16 of 3rd period - Snap shot by Chris Dingman.
0:16 of 3rd period - Shot Blocked by Martin Grenier.
1:06 of 3rd period - Penalty to Matt Jones is over, Matt Jones is back on ice.
1:14 of 3rd period - Backhand shot by Cameron Schilling.
1:14 of 3rd period - Shot Misses the Net.
1:22 of 3rd period - Snap shot by Tomas Kubalik.
1:22 of 3rd period - Stopped by Erik Ersberg without a rebound.
1:23 of 3rd period - Jamie Arniel wins face-off versus Corey Trivino in Little Stars zone.
1:31 of 3rd period - Minor Penalty to Jimmy Hayes for Hooking.
1:32 of 3rd period - Éric Belanger wins face-off versus Tyler Bozak in Little Stars zone.
2:08 of 3rd period - Slapshot by Peter Mueller.
2:08 of 3rd period - Stopped by Erik Ersberg without a rebound.
2:09 of 3rd period - Damien Brunner wins face-off versus Hugh Jessiman in Little Stars zone.
2:10 of 3rd period - Snap shot by Chris Mcallister.
2:10 of 3rd period - Goal by Chris Mcallister - River Rats : 2 - Little Stars : 2.
2:11 of 3rd period - Éric Belanger wins face-off versus Tyler Bozak in neutral zone.
3:04 of 3rd period - Backhand shot by Brett Maclean.
3:04 of 3rd period - Shot Blocked by Raphael Diaz.
3:06 of 3rd period - Snap shot by Steve Quailer.
3:06 of 3rd period - Stopped by Erik Ersberg with a rebound.
3:08 of 3rd period - Snap shot by Peter Mueller.
3:08 of 3rd period - Goal by Peter Mueller - River Rats : 3 - Little Stars : 2.
3:09 of 3rd period - Éric Belanger wins face-off versus Peter Mueller in neutral zone.
4:06 of 3rd period - Snap shot by Marcus Kruger.
4:06 of 3rd period - Stopped by Adam Munro with a rebound.
4:20 of 3rd period - Slapshot by Michael Del Zotto.
4:20 of 3rd period - Shot Misses the Net.
4:22 of 3rd period - Snap shot by Michael Del Zotto.
4:22 of 3rd period - Shot Blocked by Chris Dingman.
4:24 of 3rd period - Wrist shot by Kellan Lain.
4:24 of 3rd period - Shot Blocked by Hugh Jessiman.
4:26 of 3rd period - Wrist shot by Kellan Lain.
4:26 of 3rd period - Shot Misses the Net.
4:38 of 3rd period - Slapshot by Clay Wilson.
4:38 of 3rd period - Deflect By Corey Trivino.
4:38 of 3rd period - Shot Blocked by Matt Jones.
4:38 of 3rd period - Puck is out of play.
4:39 of 3rd period - Corey Trivino wins face-off versus Taylor Beck in River Rats zone.
4:44 of 3rd period - Snap shot by Corey Trivino.
4:44 of 3rd period - Shot Misses the Net.
4:46 of 3rd period - Snap shot by Jared Spurgeon.
4:46 of 3rd period - Stopped by Adam Munro without a rebound.
4:47 of 3rd period - Tyler Bozak wins face-off versus Éric Belanger in River Rats zone.
4:47 of 3rd period - Tyler Bozak is hit by Hugh Jessiman.
4:50 of 3rd period - Chris Mcallister is hit by Éric Belanger.
4:54 of 3rd period - Snap shot by Damien Brunner.
4:54 of 3rd period - Shot Blocked by Jared Spurgeon.
5:57 of 3rd period - Slapshot by Martin Grenier.
5:57 of 3rd period - Shot Misses the Net.
5:59 of 3rd period - Snap shot by Kellan Lain.
5:59 of 3rd period - Stopped by Erik Ersberg without a rebound.
6:00 of 3rd period - Patrick Maroon wins face-off versus Éric Belanger in Little Stars zone.
6:21 of 3rd period - Snap shot by Kellan Lain.
6:21 of 3rd period - Shot Misses the Net.
6:31 of 3rd period - Snap shot by Ryan Vesce.
6:31 of 3rd period - Stopped by Adam Munro without a rebound.
6:32 of 3rd period - Marcus Kruger wins face-off versus Tyler Bozak in River Rats zone.
6:33 of 3rd period - Snap shot by Ryan Vesce.
6:33 of 3rd period - Stopped by Adam Munro without a rebound.
6:34 of 3rd period - Marcus Kruger wins face-off versus Tyler Bozak in River Rats zone.
6:43 of 3rd period - Snap shot by Damien Brunner.
6:43 of 3rd period - Stopped by Erik Ersberg without a rebound.
6:44 of 3rd period - Éric Belanger wins face-off versus Tyler Bozak in Little Stars zone.
6:44 of 3rd period - Éric Belanger is hit by Chris Mcallister.
6:50 of 3rd period - Slapshot by Clay Wilson.
6:50 of 3rd period - Shot Misses the Net.
6:55 of 3rd period - Minor Penalty to Hugh Jessiman for Holding.
6:56 of 3rd period - Tyler Bozak wins face-off versus Éric Belanger in Little Stars zone.
7:07 of 3rd period - Snap shot by Martin Grenier.
7:07 of 3rd period - Deflect By Éric Belanger.
7:07 of 3rd period - Stopped by Erik Ersberg without a rebound.
7:08 of 3rd period - Tyler Bozak wins face-off versus Éric Belanger in Little Stars zone.
7:18 of 3rd period - Icing by Matt Jones.
7:19 of 3rd period - Éric Belanger wins face-off versus Tyler Bozak in River Rats zone.
8:39 of 3rd period - Matt Jones is hit by Ryan Vesce and loses puck.
8:55 of 3rd period - Penalty to Hugh Jessiman is over, Hugh Jessiman is back on ice.
8:58 of 3rd period - Wrist shot by Ryan Vesce.
8:58 of 3rd period - Stopped by Adam Munro with a rebound.
9:00 of 3rd period - Slapshot by Mathieu Roy.
9:00 of 3rd period - Deflect By Alexander Vasyunov.
9:00 of 3rd period - Stopped by Adam Munro without a rebound.
9:01 of 3rd period - Cody Bass wins face-off versus Kellan Lain in River Rats zone.
9:02 of 3rd period - Slapshot by Matt Halischuk.
9:02 of 3rd period - Shot Misses the Net.
10:17 of 3rd period - Snap shot by Jimmy Hayes.
10:17 of 3rd period - Shot Misses the Net.
10:19 of 3rd period - Slapshot by Jared Spurgeon.
10:19 of 3rd period - Stopped by Adam Munro with a rebound.
10:54 of 3rd period - Minor Penalty to Michael Del Zotto for Delaying the game.
10:55 of 3rd period - Chris Mcallister wins face-off versus Éric Belanger in River Rats zone.
11:04 of 3rd period - Backhand shot by Clay Wilson.
11:04 of 3rd period - Stopped by Adam Munro without a rebound.
11:05 of 3rd period - Chris Mcallister wins face-off versus Éric Belanger in River Rats zone.
12:03 of 3rd period - Backhand shot by Éric Belanger.
12:03 of 3rd period - Shot Misses the Net.
12:09 of 3rd period - Wrist shot by Éric Belanger.
12:09 of 3rd period - Shot Blocked by Martin Grenier.
12:11 of 3rd period - Slapshot by Éric Belanger.
12:11 of 3rd period - Deflect By Hugh Jessiman.
12:11 of 3rd period - Shot Misses the Net.
12:11 of 3rd period - Puck is out of play.
12:12 of 3rd period - Marcus Kruger wins face-off versus Chris Mcallister in River Rats zone.
12:54 of 3rd period - Penalty to Michael Del Zotto is over, Michael Del Zotto is back on ice.
14:00 of 3rd period - Keith Seabrook is hit by Raphael Diaz and loses puck.
15:49 of 3rd period - Hugh Jessiman is hit by Taylor Beck and loses puck.
15:58 of 3rd period - Snap shot by J.T. Brown.
15:58 of 3rd period - Shot Misses the Net.
16:00 of 3rd period - Snap shot by Jamie Arniel.
16:00 of 3rd period - Stopped by Erik Ersberg with a rebound.
16:30 of 3rd period - Jimmy Hayes is hit by Josh Meyers and loses puck.
17:17 of 3rd period - Wrist shot by Jamie Arniel.
17:17 of 3rd period - Stopped by Erik Ersberg with a rebound.
17:19 of 3rd period - Wrist shot by Jamie Arniel.
17:19 of 3rd period - Stopped by Erik Ersberg with a rebound.
17:21 of 3rd period - Wrist shot by Taylor Beck.
17:21 of 3rd period - Deflect By Cody Bass.
17:21 of 3rd period - Shot Misses the Net.
17:21 of 3rd period - Puck is out of play.
17:22 of 3rd period - Cody Bass wins face-off versus Kellan Lain in Little Stars zone.
17:26 of 3rd period - Icing by Raphael Diaz.
17:27 of 3rd period - Kellan Lain wins face-off versus Cody Bass in Little Stars zone.
17:28 of 3rd period - Slapshot by Martin Grenier.
17:28 of 3rd period - Shot Blocked by Raphael Diaz.
17:37 of 3rd period - Raphael Diaz beats up Kellan Lain.
17:37 of 3rd period - Penalty to Raphael Diaz for Fighting.
17:37 of 3rd period - Penalty to Kellan Lain for Fighting.
17:38 of 3rd period - Cody Bass wins face-off versus Tomas Kubalik in Little Stars zone.
17:48 of 3rd period - Off-side.
17:49 of 3rd period - Cody Bass wins face-off versus Jamie Arniel in neutral zone.
18:11 of 3rd period - Icing by Jamie Arniel.
18:12 of 3rd period - Éric Belanger wins face-off versus Jamie Arniel in River Rats zone.
18:39 of 3rd period - Wrist shot by Matt Jones.
18:39 of 3rd period - Stopped by Erik Ersberg with a rebound.
18:44 of 3rd period - Off-side.
18:45 of 3rd period - Ron Wilson call a timeout for Little Stars.
18:45 of 3rd period - Éric Belanger wins face-off versus Tyler Bozak in neutral zone.
18:50 of 3rd period - Wrist shot by Chris Dingman.
18:50 of 3rd period - Goal by Chris Dingman - River Rats : 3 - Little Stars : 3.
18:51 of 3rd period - Cody Bass wins face-off versus Jamie Arniel in neutral zone.
19:22 of 3rd period - Wrist shot by Jimmy Hayes.
19:22 of 3rd period - Stopped by Adam Munro with a rebound.
19:24 of 3rd period - Slapshot by Mathieu Roy.
19:24 of 3rd period - Shot Blocked by Brett Maclean.
19:26 of 3rd period - Wrist shot by Alexander Vasyunov.
19:26 of 3rd period - Shot Blocked by Matt Jones.
19:28 of 3rd period - Slapshot by Clay Wilson.
19:28 of 3rd period - Stopped by Adam Munro with a rebound.
19:30 of 3rd period - Snap shot by Jimmy Hayes.
19:30 of 3rd period - Shot Misses the Net.
19:46 of 3rd period - Slapshot by Marcus Kruger.
19:46 of 3rd period - Shot Misses the Net.
Goals for this period are 2 for River Rats vs 1 for Little Stars.
Shots for this period are 12 for River Rats vs 11 for Little Stars.
Overtime #1
0:01 of 1st overtime period - Éric Belanger wins face-off versus Brett Maclean in neutral zone.
0:17 of 1st overtime period - Slapshot by Brett Maclean.
0:17 of 1st overtime period - Shot Blocked by Clay Wilson.
0:49 of 1st overtime period - Jared Spurgeon is hit by Jamie Arniel.
1:17 of 1st overtime period - Slapshot by Michael Del Zotto.
1:17 of 1st overtime period - Shot Blocked by Mathieu Roy.
2:02 of 1st overtime period - Matt Halischuk is hit by Martin Grenier and loses puck.
2:07 of 1st overtime period - Slapshot by Martin Grenier.
2:07 of 1st overtime period - Shot Misses the Net.
2:25 of 1st overtime period - Matt Jones is hit by Cameron Schilling and loses puck.
2:37 of 1st overtime period - Penalty to Raphael Diaz is over, Raphael Diaz is back on ice.
2:37 of 1st overtime period - Penalty to Kellan Lain is over, Kellan Lain is back on ice.
3:52 of 1st overtime period - Josh Meyers is hit by Cameron Schilling and loses puck.
4:05 of 1st overtime period - Bryan Rodney is hit by Éric Belanger and loses puck.
4:52 of 1st overtime period - Cameron Schilling is hit by Damien Brunner and loses puck.
Goals for this period are 0 for River Rats vs 0 for Little Stars.
Shots for this period are 0 for River Rats vs 0 for Little Stars.
ShootOut
5:00 of 1st overtime period - Penalty Shot by Chris Mcallister for River Rats.
5:00 of 1st overtime period - Snap shot by Chris Mcallister.
5:00 of 1st overtime period - Stopped by Erik Ersberg.
5:00 of 1st overtime period - Penalty Shot by Éric Belanger for Little Stars.
5:00 of 1st overtime period - Wrist shot by Éric Belanger.
5:00 of 1st overtime period - Shot Misses the Net.
5:00 of 1st overtime period - Penalty Shot by Brett Maclean for River Rats.
5:00 of 1st overtime period - Backhand shot by Brett Maclean.
5:00 of 1st overtime period - Stopped by Erik Ersberg.
5:00 of 1st overtime period - Penalty Shot by Chris Dingman for Little Stars.
5:00 of 1st overtime period - Deke by Chris Dingman.
5:00 of 1st overtime period - Shot Misses the Net.
5:00 of 1st overtime period - Penalty Shot by Tyler Bozak for River Rats.
5:00 of 1st overtime period - Wrist shot by Tyler Bozak.
5:00 of 1st overtime period - Stopped by Erik Ersberg.
5:00 of 1st overtime period - Penalty Shot by Hugh Jessiman for Little Stars.
5:00 of 1st overtime period - Snap shot by Hugh Jessiman.
5:00 of 1st overtime period - Goal by Hugh Jessiman.
Output by the SimonT Hockey Simulator (STHS) for François Prévost -- Original Page W3C XHTML 1.0 Valid